 Dungeon Crawl Stone Soup version 0.27.1-34-g3ba077fa99 (webtiles) character file.

Game seed: 13315088224615599353

19957 sankara the Grappler (level 12, -4/110 HPs)
             Began as a Minotaur Monk on Jan 22, 2022.
             Was a High Priest of Okawaru.
             Slain by a yak (10 damage)
             ... on level 2 of the Lair of Beasts.
             The game lasted 00:25:51 (16618 turns).

sankara the Grappler (Minotaur Monk)               Turns: 16618, Time: 00:25:51

Health: -4/110     AC: 18    Str: 17    XL:     12   Next: 41%
Magic:  16/16      EV: 19    Int:  8    God:    Okawaru [*****.]
Gold:   894        SH:  0    Dex: 16    Spells: 11/11 levels left

rFire    . . .     SeeInvis .     - Unarmed
rCold    . . .     Faith    .   (no shield)
rNeg     . . .     Spirit   .   A - +0 swamp dragon scales
rPois    +         Reflect  .   L - +1 hat
rElec    .         Harm     .   t - scarf {shadows}
rCorr    +         Rampage  .   I - +2 pair of gloves {archery}
Will     .....                  H - +0 pair of boots
Stlth    +++.......             l - amulet of the acrobat
HPRegen  0.28/turn              F - ring of resist corrosion
MPRegen  0.15/turn              (no ring)

@: about to teleport, heroic
A: horns 2, retaliatory headbutt
a: Renounce Religion, Heroism, Finesse


You were on level 2 of the Lair of Beasts.
You worshipped Okawaru.
Okawaru was extremely pleased with you.
You visited 3 branches of the dungeon, and saw 12 of its levels.
You also visited: Ossuary.

You collected 894 gold pieces.

Inventory:

Missiles
 a - a throwing net
 b - 387 stones
 h - 20 boomerangs
 i - 122 sling bullets
 k - 26 poisoned darts (quivered)
 E - 2 atropa-tipped darts
Armour
 j - a +3 leather armour of poison resistance
 t - a scarf of shadows (worn)
 v - a +0 plate armour
 z - +0 steam dragon scales
 A - +0 swamp dragon scales (worn)
 H - a +0 pair of boots (worn)
 I - a +2 pair of gloves of archery (worn)
 L - a +1 hat (worn)
Jewellery
 l - an amulet of the acrobat (around neck)
 F - a ring of resist corrosion (left hand)
Wands
 g - a wand of mindburst (28)
 s - a wand of polymorph (18)
 G - a wand of iceblast (4)
 J - a wand of acid (11)
 M - a wand of flame (7)
Scrolls
 m - 3 scrolls of teleportation
 o - 2 scrolls of magic mapping
 u - 3 scrolls of enchant weapon
 y - a scroll of enchant armour
 D - a scroll of identify
 K - a scroll of brand weapon
Potions
 c - a potion of attraction
 d - 2 potions of might
 e - 3 potions of curing
 f - a potion of heal wounds
 n - 2 potions of degeneration
 p - a potion of invisibility
 q - 3 potions of haste
 r - a potion of berserk rage {unknown}
 w - a potion of brilliance
 x - a potion of lignification
 C - a potion of magic {unknown}
Miscellaneous
 B - a phantom mirror


   Skills:
 - Level 11.0(16.0) Fighting
 + Level 3.6(8.6) Throwing
 + Level 10.8(15.8) Armour
 + Level 10.6(15.6) Dodging
 - Level 1.5(6.5) Stealth
 + Level 12.3(17.3) Unarmed Combat
 - Level 7.0 Invocations
 - Level 1.0 Evocations


You had 11 spell levels left.
You didn't know any spells.
Your spell library contained the following spells:

 Spells                   Type           Power      Damage    Failure   Level
 Ignite Poison            Fire/Tmut/Pois 0%         N/A       88%         3
 Mephitic Cloud           Conj/Pois/Air  0%         N/A       88%         3
 Summon Guardian Golem    Hex/Summ       0%         N/A       88%         3
 Tukima's Dance           Hex            0%         N/A       88%         3
 Animate Dead             Necr           0%         N/A       99%         4
 Passage of Golubria      Tloc           N/A        N/A       99%         4
 Bolt of Magma            Conj/Fire/Erth 0%         4d4       100%        5
 Yara's Violent Unravell  Hex/Tmut       0%         3d3       100%        5
 Haunt                    Necr/Summ      0%         N/A       100%        7
 Orb of Destruction       Conj           0%         N/A       100%        7
 Spellforged Servitor     Conj/Summ      0%         N/A       100%        7
 Infestation              Necr           0%         N/A       100%        8


Dungeon Overview and Level Annotations

Branches:
Dungeon (9/15)             Temple (1/1) D:5            Lair (2/6) D:9
 Shoals (0/4) Lair:2      Ossuary (visited)
  Snake: Lair:2-4    Spider: Lair:2-4       Orc: D:9-12

Altars:
Ashenzari
Cheibriados
Dithmenos
Elyvilon
Fedhas
Gozag
Hepliaklqana
Kikubaaqudgha
Makhleb
Nemelex Xobeh
Okawaru
Qazlal
Ru
Sif Muna
Trog
Uskayaw
Vehumet
Wu Jian
Xom
Yredelemnul
Zin
The Shining One

Shops:
D:3 [   D:8 [


Innate Abilities, Weirdness & Mutations

You have a pair of horns on your head.
You reflexively headbutt those who attack you in melee.


Message History

The yak gores you.
* * * LOW HITPOINT WARNING * * *
The yak gores you but does no damage. The basilisk gazes at you.
You resist with some effort. The yak gores you.
The yak gores you but does no damage.
The yak gores you but does no damage. x2
The basilisk gazes at you. The yak gores you!
* * * LOW HITPOINT WARNING * * *
The yak gores you!
* * * LOW HITPOINT WARNING * * *
The yak gores you but does no damage. x2
The basilisk bites you but does no damage.
The yak barely misses you. The yak gores you!
* * * LOW HITPOINT WARNING * * *
The yak gores you but does no damage. The yak gores you.
The basilisk gazes at you.
The yak gores you but does no damage. x2
The yak gores you.
* * * LOW HITPOINT WARNING * * *
The yak gores you but does no damage. The basilisk gazes at you.
The yak gores you but does no damage. x2
The yak barely misses you. The yak gores you.
* * * LOW HITPOINT WARNING * * *
The basilisk gazes at you. You resist with some effort.
The yak gores you but does no damage.
The yak snorts and paws the ground.
The yak gores you. The yak gores you. The yak gores you but does no damage.
The basilisk gazes at you. You resist with some effort. The yak gores you!
* * * LOW HITPOINT WARNING * * *
The yak gores you.
* * * LOW HITPOINT WARNING * * *
You turn to flesh and can move again.
As you read the scroll of teleportation, it crumbles to dust.
You feel strangely unstable. The yak gores you!
You die...

..... #..## ...# #$#...#
P..# .....## #..## #.#
#.....# P...# ..# .....
#...# #..#####.Y.##
...####.P.##...lYY.#
...............Y@Y#
.##..#.##.###.....##
.####..# ####...# .#
##.#########..### ### .##
##.#...##P......######..##
..#
#.........................
.##
#.........................
.##
##...........#####P.......
..####..##.#####..
##.......


You could see 5 yaks and a basilisk.

Vanquished Creatures
  2 hydras (Lair:1)
  A two-headed ogre (D:9)
  Pikel (D:5)
  A wolf spider (Lair:2)
  2 black mambas (Lair:1)
  6 cane toads
  A rime drake (Lair:2)
  5 komodo dragons
  A troll (D:9)
  A hornet (Lair:2)
  A polar bear (Lair:1)
  Grinder (D:3)
  Prince Ribbit (D:5)
  3 blink frogs (Lair:2)
  A wyvern (D:9)
  22 yaks
  3 basilisks
  4 steam dragons
  Grum (D:8)
  Menkaure (D:5)
  9 water moccasins
  2 acid dragons (D:9)
  2 orc warriors (D:9)
  2 sky beasts
  An ice beast (D:5)
  A black bear (D:6)
  A necrophage (D:7)
  An ogre (D:5)
  12 wolves
  2 centaurs (D:9)
  A lemure (D:5)
  An elf zombie (Ossuary)
  14 bullfrogs
  Blork the orc (D:5)
  5 scorpions
  A water moccasin zombie (D:5)
  A water moccasin skeleton (D:5)
  17 killer bees
  6 wights (D:9)
  An electric eel (Lair:1)
  3 howler monkeys (D:7)
  A bullfrog zombie (D:3)
  4 centaur zombies
  6 hounds
  3 jellies
  3 orc priests
  A bullfrog skeleton (D:7)
  3 centaur skeletons
  An iguana (D:5)
  2 human zombies (Ossuary)
  Terence (D:2)
  5 orc wizards
  7 hell rats (Lair:1)
  A killer bee zombie (D:7)
  2 hound zombies (Ossuary)
  2 hound skeletons (D:4)
  3 mummies (Ossuary)
  17 adders
  A howler monkey skeleton (D:6)
  11 river rats (Lair:1)
  3 white imps
  2 adder zombies (Ossuary)
  A worm (D:3)
  2 dart slugs (D:2)
  29 orcs
  2 endoplasms
  A giant cockroach (D:1)
  2 gnoll zombies (Ossuary)
  8 hobgoblins
  7 jackals
  14 quokkas
  8 ball pythons
  3 bats
  6 frilled lizards
  9 goblins
  7 goblin zombies (Ossuary)
  A hobgoblin zombie (Ossuary)
  5 jackal zombies (Ossuary)
  11 kobolds
  5 kobold zombies (Ossuary)
  2 orc zombies (Ossuary)
  A quokka zombie (Ossuary)
  11 rats
  3 rat zombies (Ossuary)
360 creatures vanquished.

Vanquished Creatures (others)
  An orc (D:7)
  24 fungi
  37 plants (Lair:2)
62 creatures vanquished.

Grand Total: 422 creatures vanquished

Notes
Turn   | Place    | Note
-------+----------+-------------------------------------------
     0 | D:1      | sankara the Minotaur Monk began the quest for the Orb.
     0 | D:1      | Reached XP level 1. HP: 19/19 MP: 0/0
   321 | D:1      | Reached XP level 2. HP: 27/27 MP: 1/1
   521 | D:1      | Reached skill level 4 in Unarmed Combat
  1016 | D:1      | Reached XP level 3. HP: 33/33 MP: 2/2
  1546 | D:2      | Found a faded altar of an unknown god.
  1662 | D:2      | Noticed Terence
  1674 | D:2      | Killed Terence
  1675 | D:2      | Reached skill level 1 in Armour
  1675 | D:2      | Reached XP level 4. HP: 32/40 MP: 3/3
  1914 | D:2      | Found an iron altar of Okawaru.
  1938 | D:2      | Became a worshipper of Warmaster Okawaru
  1938 | D:2      | Reached * piety under Okawaru
  1938 | D:2      | Reached ** piety under Okawaru
  2306 | D:3      | Noticed Grinder
  2322 | D:3      | Killed Grinder
  2323 | D:3      | Reached skill level 5 in Unarmed Combat
  2323 | D:3      | Reached XP level 5. HP: 22/47 MP: 1/4
  2323 | D:3      | Reached XP level 6. HP: 26/55 MP: 1/5
  2330 | D:3      | Found Lerety's Antique Armour Shoppe.
  2568 | D:3      | Reached skill level 5 in Fighting
  2690 | D:3      | Found a radiant altar of Vehumet.
  2885 | D:3      | Found a glowing silver altar of Zin.
  3412 | D:4      | Reached skill level 6 in Unarmed Combat
  3597 | D:4      | Reached XP level 7. HP: 60/61 MP: 6/6
  3618 | D:4      | Reached skill level 5 in Dodging
  4403 | D:5      | Entered Level 5 of the Dungeon
  4440 | D:5      | Noticed Prince Ribbit
  4448 | D:5      | Killed Prince Ribbit
  4449 | D:5      | Reached skill level 7 in Unarmed Combat
  4496 | D:5      | Reached XP level 8. HP: 63/70 MP: 7/7
  4538 | D:5      | Noticed Menkaure
  4797 | D:5      | Killed Menkaure
  4797 | D:5      | Reached *** piety under Okawaru
  4819 | D:5      | Noticed Blork the orc
  4825 | D:5      | Killed Blork the orc
  4885 | D:5      | Found a sand-covered staircase.
  4891 | Ossuary  | Entered an ossuary
  4970 | Ossuary  | Reached skill level 5 in Armour
  5188 | Ossuary  | Reached skill level 8 in Unarmed Combat
  5441 | D:5      | Reached skill level 1 in Invocations
  5521 | D:5      | Noticed Pikel
  5536 | D:5      | Killed Pikel
  5536 | D:5      | Reached **** piety under Okawaru
  5537 | D:5      | Reached XP level 9. HP: 62/79 MP: 7/9
  5820 | D:5      | Found a staircase to the Ecumenical Temple.
  5823 | D:5      | Reached skill level 9 in Unarmed Combat
  5838 | Temple   | Entered the Ecumenical Temple
  7454 | D:7      | Reached ***** piety under Okawaru
  7601 | D:7      | Found a sparkling altar of Nemelex Xobeh.
  8014 | D:7      | Reached skill level 10 in Unarmed Combat
  8152 | D:8      | Found Biympim's Antique Armour Shoppe.
  8563 | D:8      | Reached XP level 10. HP: 89/89 MP: 11/11
  8971 | D:8      | Reached skill level 1 in Throwing
  9224 | D:8      | Noticed Grum
  9242 | D:8      | Reached skill level 1 in Evocations
  9598 | D:8      | Killed Grum
 10576 | D:9      | Noticed a two-headed ogre
 10611 | D:9      | Killed a two-headed ogre
 10961 | D:9      | Found a stormy altar of Qazlal.
 11020 | D:9      | Received a gift from Okawaru
 11433 | D:9      | Reached skill level 5 in Invocations
 11461 | D:9      | HP: 1/91 [komodo dragon (22)]
 11463 | D:9      | Received a gift from Okawaru
 11811 | D:9      | Found a staircase to the Lair.
 12348 | Lair:1   | Entered Level 1 of the Lair of Beasts
 12359 | Lair:1   | Noticed a cane toad
 12369 | Lair:1   | Killed a cane toad
 12370 | Lair:1   | Reached XP level 11. HP: 80/97 MP: 12/14
 12863 | Lair:1   | Noticed a four-headed hydra
 12874 | Lair:1   | Killed a four-headed hydra
 12875 | Lair:1   | Reached skill level 11 in Unarmed Combat
 13459 | Lair:1   | Reached skill level 10 in Fighting
 13675 | Lair:1   | Received a gift from Okawaru
 13920 | Lair:1   | Noticed a five-headed hydra
 13931 | Lair:1   | Killed a five-headed hydra
 15155 | Lair:2   | Received a gift from Okawaru
 15237 | Lair:1   | Reached skill level 10 in Armour
 15237 | Lair:1   | Reached XP level 12. HP: 95/108 MP: 16/16
 15303 | Lair:2   | Reached skill level 10 in Dodging
 15503 | Lair:1   | Reached skill level 12 in Unarmed Combat
 16115 | Lair:2   | Found a staircase to the Shoals.
 16618 | Lair:2   | Slain by a yak

Illustrated notes

Levels and vault maps discovered:
D:1:      dpeg_arrival_solitude, layout_basic, st_stairs_1
D:2:      layout_loops_cross, basic_altar,
          dreamdust_ecumenical_altar_angels_and_demons, uniq_terence
D:3:      layout_loops_ring, mainiacjoe_overflow_catch_the_wave, serial_shops,
          nicolae_shop_stone, wad_floor_pattern_untrapped, minmay_cupped,
          uniq_grinder
D:4:      layout_cave_pools, minmay_misc_feat_chi, kennysheep_generic_room_5
D:5:      layout_loops_ring, minmay_temple_entry_fiery,
          nicolae_ossuary_entry_plus, uniq_pikel, uniq_prince_ribbit1,
          uniq_blork_the_orc, uniq_menkaure
D:6:      layout_gridville, grunt_decor_resistance
D:7:      layout_cave_pools, nemelex_spade_bored_becter
D:8:      layout_loops_cross, serial_shops, nicolae_stop_n_shop_2, uniq_grum
D:9:      layout_basic, kennysheep_little_box, erik_lair_dragon
Temple:   dpeg_five_rooms_temple
Lair:1:   lemuel_ratsnest, layout_gridlike, serial_bayou_pond_d,
          serial_bayou_ford_a, grunt_megastairs_5
Lair:2:   minmay_lair_venomous_thicket, layout_small_grid,
          elwin_shoals_entry_rocks, small_statue_intersection,
          lemuel_fruit_tree, infiniplex_staircase_pool_2

Skill      XL: |  1  2  3  4  5  6  7  8  9 10 11 12 |
---------------+-------------------------------------+-----
Fighting       | 4 5 6 7 8 9 10 11 | 11.0
Unarmed Combat | 4 5 6 7 8 10 11 12 | 12.3
Armour         | 1 2 3 4 5 7 8 10 | 10.8
Dodging        | 4 5 6 7 8 9 10 | 10.6
Invocations    | 2 3 5 7 |  7.0
Throwing       | 3 |  3.6
Evocations     | 1 |  1.0
Stealth        | |  1.5

Action                   |  1- 3 |  4- 6 |  7- 9 | 10-12 || total
-------------------------+-------+-------+-------+-------++-------
Melee: Unarmed           |   115 |   109 |   386 |   632 ||  1242
       Headbutt          |    13 |    13 |    80 |   146 ||   252
       Punch             |       |       |    13 |    40 ||    53
Throw: Dart              |       |     8 |     2 |    12 ||    22
Invok: Heroism           |       |     1 |     4 |     7 ||    12
       Finesse           |       |       |       |     5 ||     5
  Use: Scroll            |       |     9 |    10 |     4 ||    23
       Potion            |       |       |       |     2 ||     2
 Stab: Sleeping          |     3 |       |     2 |       ||     5
       Distracted        |       |       |       |     1 ||     1
Armor: Robe              |     6 |       |       |       ||     6
       Leather armour    |     8 |       |    10 |       ||    18
       Chain mail        |    20 |    54 |   145 |       ||   219
       Plate armour      |       |       |    47 |    22 ||    69
       Swamp dragon scal |       |       |       |   229 ||   229
Dodge: Dodged            |    63 |    46 |   175 |   508 ||   792
